 Dungeon Crawl Stone Soup version 0.31.0-9-g3a7656b989 (webtiles) character file.

Game seed: 18435352249273509998

540 Killerpretzel the Ducker (level 7, -7/32 HPs)
             Began as a Felid Air Elementalist on Feb 3, 2024.
             Mangled by Duvessa
             ... wielding a +3 rapier of speed
              (12 damage)
             ... on level 4 of the Dungeon.
             The game lasted 00:16:57 (5947 turns).

Killerpretzel the Ducker (Felid Air Elementalist)   Turns: 5947, Time: 00:16:57

Health: -7/32      AC:  2    Str:  4    XL:     7   Next: 5%
Magic:  10/13      EV: 24    Int: 20    God:
Gold:   197        SH:  0    Dex: 17    Spells: 6/13 levels left
                                        Lives:  0   Deaths: 3

rFire   . . .        (weapon unavailable)
rCold   . . .        (shield unavailable)
rNeg    . . .        (body armour unavailable)
rPois   .            (helmet unavailable)
rElec   .            (cloak unavailable)
rCorr   .            (gloves unavailable)
SInv    +            (boots unavailable)
Will    +....        (no amulet)
Stlth   ++           e - +5 ring of evasion
HPRegen 0.25/turn    l - ring of wizardry
MPRegen 0.13/turn

%: wizardry (x1)
@: no status effects
A: very small, claws 1, fangs 3, see invisible, shaggy fur 2, stealthy paws, no
weapons or thrown items, no armour, multi-lived
a: no special abilities


You were on level 4 of the Dungeon.
You visited 1 branch of the dungeon, and saw 4 of its levels.

You collected 197 gold pieces.

Inventory:

Jewellery
 e - a +5 ring of evasion (left paw)
 l - a ring of wizardry (right paw)
 n - a ring of willpower
 o - a +6 ring of dexterity
 p - a ring of flight
 r - a ring of resist corrosion
 t - a ring of willpower
Wands
 j - a wand of roots (5)
 m - a wand of polymorph (3)
 u - a wand of paralysis (14)
Scrolls
 c - a scroll of brand weapon {unknown}
 d - a scroll of revelation {unknown}
 f - a scroll of identify {unknown}
 g - a scroll of poison {unknown}
Potions
 b - a potion of lignification {unknown}
 h - 2 potions of haste {unknown}
 i - 2 potions of attraction {unknown}
 k - 2 potions of might {unknown}
 q - a potion of cancellation {unknown}
 s - a potion of berserk rage {unknown}


   Skills:
 + Level 5.1 Dodging
 - Level 2.6 Stealth
 + Level 3.5 Spellcasting
 + Level 3.0 Conjurations
 * Level 5.1 Air Magic


You had 6 spell levels left.
You knew the following spells:

 Your Spells              Type           Power      Damage    Failure   Level
a - Shock                 Conj/Air       76%        1d7       1%          1
b - Static Discharge      Conj/Air       38%        3-5/arc   1%          2
c - Airstrike             Air            11%        2d(2-18)  7%          4

Your spell library contained the following spells:

 Spells                   Type           Power      Damage    Failure   Level
 Swiftness                Air            23%        N/A       1%          3


Dungeon Overview and Level Annotations

Branches:
Dungeon (4/15)
 Temple: D:4-7

Altars:
Trog

Annotations:
D:3 2 runed translucent doors, exclusion: 2 doors, karambola's ghost, amateur OpEE
D:4 1 runed translucent door, exclusion: door, Crazy Yiuf; Duvessa


Innate Abilities, Weirdness & Mutations

You have sharp claws.
You have razor-sharp teeth.
You have supernaturally acute eyesight. (SInv)
You are covered in thick fur. (AC +2)
Your paws help you pounce on unaware monsters.
You are incapable of wielding weapons or throwing items.
You cannot wear armour.
You gain extra lives every three experience levels.


Message History

Confirm with . or Enter, or press ? or * to list all spells.
Duvessa is struck by an arc of lightning.
Duvessa is severely wounded.
You are struck by an arc of lightning.
* * * LOW HITPOINT WARNING * * *
Duvessa is struck by an arc of lightning.
Duvessa is severely wounded.
The lightning grounds out.
Duvessa hits you with a +3 rapier of speed!
You die...
Duvessa hits you with a +3 rapier of speed!
You rejoin the land of the living...
No target in view!
You see here the felid corpse of Killerpretzel.
Duvessa shouts!
Duvessa is nearby!
Duvessa misses you.
Duvessa is nearby!
Casting: Static Discharge (safe; 1% risk of failure)
Confirm with . or Enter, or press ? or * to list all spells.
Duvessa is struck by an arc of lightning.
Duvessa is severely wounded.
You are struck by an arc of lightning.
Duvessa is struck by an arc of lightning.
Duvessa is almost dead.
You are struck by an arc of lightning.
The lightning grounds out.
Duvessa hits you with a +3 rapier of speed!
Duvessa barely misses you.
Duvessa hits you with a +3 rapier of speed!
* * * LOW HITPOINT WARNING * * *
Casting: Static Discharge (safe; 1% risk of failure)
Confirm with . or Enter, or press ? or * to list all spells.
Duvessa is struck by an arc of lightning.
Duvessa is almost dead.
You are struck by an arc of lightning.
* * * LOW HITPOINT WARNING * * *
Duvessa is struck by an arc of lightning.
Duvessa barely misses you.
Duvessa hits you with a +3 rapier of speed!
You die...

............# #.##
............#
####.#
..#.........#
##....#
#.#.........#
##..####
#.[....########.†##
##.......#...#<.##
......(#.#.<.##..#
...##....#....##.#
....####.##...##@#
....# #.##...e#e#
....# #..##...†.#
⌠..## #.#.#.8...#
...#####.###....##
.......#..#....##
.......#.##..$#
.........#....
.......#>#.>.#


You could see Duvessa (berserk).

Vanquished Creatures
  A tengu (D:4)
  An ogre (D:3)
  A phantom (D:4)
  Dowan (D:4)
  A bombardier beetle (D:4)
  An iguana (D:4)
  An orc wizard (D:3)
  3 gnolls (D:3)
  5 adders
  A dart slug (D:3)
  A ribbon worm (D:3)
  8 orcs
  7 endoplasms
  5 giant cockroaches
  10 goblins
  5 hobgoblins
  7 jackals
  6 kobolds
  4 quokkas
  4 ball pythons
  5 bats
  4 frilled lizards
  13 rats
95 creatures vanquished.

Notes
Turn   | Place    | Note
-------+----------+-------------------------------------------
     0 | D:1      | Killerpretzel the Felid Air Elementalist began the quest
                  | for the Orb.
     0 | D:1      | Reached XP level 1. HP: 9/9 MP: 4/4
    81 | D:1      | Reached skill level 1 in Conjurations
   269 | D:1      | Reached XP level 2. HP: 9/13 MP: 0/6
   340 | D:1      | Learned a level 2 spell: Static Discharge
  1214 | D:2      | Reached XP level 3. HP: 16/16 MP: 4/7
  2205 | D:3      | Found a bloodstained altar of Trog.
  2389 | D:3      | Reached XP level 4. HP: 21/21 MP: 4/8
  2389 | D:3      | Gained a life (2 lives remaining)
  2515 | D:3      | Learned a level 4 spell: Airstrike
  3006 | D:3      | Noticed an ogre
  3288 | D:3      | Found a runed translucent door.
  3290 | D:3      | Noticed karambola's ghost (amateur OpEE)
  3401 | D:3      | Reached XP level 5. HP: 10/24 MP: 0/10
  3719 | D:3      | Found a runed translucent door.
  3830 | D:3      | Killed an ogre
  4149 | D:4      | Gained mutation: You are covered in thick fur. (AC +2)
                  | [Felid growth]
  4149 | D:4      | Reached XP level 6. HP: 4/28 MP: 1/11
  4881 | D:4      | Found a runed translucent door.
  4882 | D:4      | Noticed Crazy Yiuf
  5230 | D:4      | Noticed Duvessa
  5231 | D:4      | Noticed Dowan
  5332 | D:4      | Noticed an orc warrior
  5363 | D:4      | Slain by an orc warrior
  5363 | D:4      | Lost a life (1 life remaining)
  5513 | D:4      | Killed Dowan
  5701 | D:4      | Noticed a hornet
  5745 | D:4      | a hornet changed into a tengu
  5755 | D:4      | Reached skill level 5 in Dodging
  5755 | D:4      | Reached skill level 5 in Air Magic
  5755 | D:4      | Reached XP level 7. HP: 25/32 MP: 7/13
  5755 | D:4      | Gained a life (2 lives remaining)
  5821 | D:4      | Demolished by Duvessa
  5821 | D:4      | Lost a life (1 life remaining)
  5899 | D:4      | HP: 1/32 [/static electricity (2)]
  5899 | D:4      | Mangled by Duvessa
  5899 | D:4      | Lost a life (0 lives remaining)
  5947 | D:4      | Mangled by Duvessa

Illustrated notes

Levels and vault maps discovered:
D:1:      lemuel_arrival_hallway, layout_basic
D:2:      layout_basic, dk_noncrumbling_2, minmay_rat_gold_closets
D:3:      minmay_skewed_foursquare, layout_rooms, mainiacjoe_overflow_paths,
          ebering_ghost_sewer_f
D:4:      kennysheep_big_flooded_room, layout_basic, serial_curves,
          eino_curves_01, eino_curves_02, grunt_ministairs_12, kennysheep_donut,
          solitary_fountain, minmay_manual_mandibuliform,
          uniq_crazy_yiuf_cottage, uniq_duvessa

Skill      XL: |  1  2  3  4  5  6 |
---------------+-------------------+-----
Conjurations   | 1 2 3 |  3.0
Dodging        | 3 4 5 |  5.1
Air Magic      | 3 4 5 |  5.1
Spellcasting   | 3 |  3.5
Stealth        | |  2.6

Action                     |  1- 3 |  4- 6 |  7- 9 || total
---------------------------+-------+-------+-------++-------
  Melee: Unarmed           |    26 |    10 |       ||    36
         Bite              |     2 |     2 |       ||     4
   Cast: Shock             |    92 |    66 |       ||   158
         Static Discharge  |       |    25 |     7 ||    32
         Airstrike         |       |     8 |     2 ||    10
  Evoke: Wand              |       |     3 |       ||     3
    Use: Potion            |       |       |     1 ||     1
 Armour: Skin              |    18 |    40 |    17 ||    75
  Dodge: Dodged            |    62 |    45 |    19 ||   126
